2913 views
Uploaded 2020-02-14 22:36:35
Game version 1.32 / 1.32.1
34:15 long 4on4 ladder game on (8)NerubianPassage
Saved by BEARAND
2913 views
Uploaded 2020-02-14 22:36:35
Game version 1.32 / 1.32.1
34:15 long 4on4 ladder game on (8)NerubianPassage


234 units @ 31.3k
/ 4.8k
130 buildings @ 20.8k
/ 10.8k

| Moonstone | 2 | 100 |
| Orb of Venom | 1 | 325 |
| Potion of Healing | 2 | 300 |
| Scroll of Town Portal | 1 | 350 |
| Staff of Teleportation | 2 | 300 |
| total: | 8 | 1375g |
| Wisp | 38 | 2280 | / | 0 |
| Huntress | 4 | 780 | / | 80 |
| Hippogryph | 2 | 320 | / | 40 |
| Chimaera | 7 | 2310 | / | 490 |
| Dryad | 3 | 435 | / | 180 |
| Mountain Giant | 3 | 1050 | / | 300 |
| total: | 57 | 7175g | / | 1090w |
| Ancient Protector | 16 | 2160 | / | 1280 |
| Altar of Elders | 2 | 360 | / | 100 |
| Moon Well | 8 | 1440 | / | 320 |
| Hunter's Hall | 1 | 210 | / | 100 |
| Ancient of War | 1 | 150 | / | 60 |
| Ancient of Wonders | 1 | 90 | / | 30 |
| Tree of Life | 1 | 340 | / | 185 |
| Ancient of Wind | 1 | 150 | / | 140 |
| Ancient of Lore | 3 | 465 | / | 435 |
| Chimaera Roost | 2 | 280 | / | 380 |
| Tree of Ages | 1 | 320 | / | 180 |
| Tree of Eternity | 1 | 330 | / | 200 |
| total: | 36 | 5645g | / | 3030w |
| 0:02 | Wisp |
| 0:02 | Wisp |
| 0:02 | Wisp |
| 0:08 | Altar of Elders |
| 0:11 | Altar of Elders |
| 0:19 | Moon Well |
| 0:20 | Wisp |
| 0:20 | Wisp |
| 0:24 | Wisp |
| 0:31 | Wisp |
| 0:39 | Wisp |
| 0:43 | Wisp |
| 1:08 | Wisp |
| 1:16 | Wisp |
| 1:27 | Hunter's Hall |
| 1:32 | Wisp |
| 1:52 | Ancient of War |
| 1:54 | Wisp |
| 1:57 | Wisp |
| 2:03 | Moon Well |
| 2:11 | Shadow Strike |
| 2:16 | Wisp |
| 2:36 | Ultravision |
| 3:05 | Huntress |
| 3:09 | Tree of Ages |
| 3:16 | Moon Well |
| 3:40 | Staff of Teleportation |
| 3:40 | Staff of Teleportation |
| 3:49 | Huntress |
| 4:28 | Huntress |
| 4:32 | Moon Well |
| 5:00 | Sentinel |
| 6:01 | Tree of Eternity |
| 6:19 | Strength of the Wild |
| 6:22 | Ancient of Wind |
| 6:59 | Blink |
| 7:26 | Ancient of Wonders |
| 7:27 | Improved Strength of the Wild |
| 8:23 | Wisp |
| 8:23 | Wisp |
| 8:24 | Wisp |
| 8:27 | Chimaera Roost |
| 8:27 | Chimaera Roost |
| 8:31 | Hippogryph |
| 8:57 | Huntress |
| 9:02 | Reinforced Hides |
| 9:28 | Shadow Strike |
| 9:30 | Moon Well |
| 9:31 | Moon Well |
| 9:43 | Moonstone |
| 9:45 | Orb of Venom |
| 9:52 | Chimaera |
| 9:53 | Chimaera |
| 10:13 | Ancient Protector |
| 10:48 | Ancient Protector |
| 10:49 | Ancient Protector |
| 11:10 | Ancient Protector |
| 11:10 | Wisp |
| 11:10 | Wisp |
| 11:11 | Wisp |
| 11:28 | Hippogryph |
| 12:00 | Blink |
| 12:07 | Wisp |
| 12:07 | Wisp |
| 12:07 | Wisp |
| 13:11 | Tree of Life |
| 13:15 | Chimaera |
| 13:18 | Ancient of Lore |
| 13:37 | Ancient of Lore |
| 13:38 | Ancient of Lore |
| 13:50 | Advanced Strength of the Wild |
| 14:21 | Shadow Strike |
| 15:27 | Dryad |
| 15:31 | Improved Reinforced Hides |
| 15:34 | Wisp |
| 16:05 | Dryad |
| 16:07 | Abolish Magic |
| 16:59 | Chimaera |
| 17:00 | Corrosive Breath |
| 18:17 | Dryad |
| 18:31 | Chimaera |
| 19:31 | Hardened Skin |
| 19:31 | Resistant Skin |
| 19:36 | Chimaera |
| 19:48 | Moon Well |
| 19:48 | Moon Well |
| 19:53 | Wisp |
| 19:53 | Wisp |
| 19:54 | Wisp |
| 19:54 | Wisp |
| 20:06 | Scroll of Town Portal |
| 20:07 | Moonstone |
| 20:09 | Potion of Healing |
| 20:26 | Mountain Giant |
| 21:02 | Wisp |
| 21:02 | Wisp |
| 21:58 | Mountain Giant |
| 22:11 | Spirit of Vengeance |
| 22:29 | Mountain Giant |
| 23:24 | Potion of Healing |
| 23:37 | Advanced Reinforced Hides |
| 25:20 | Ancient Protector |
| 25:21 | Ancient Protector |
| 25:22 | Ancient Protector |
| 25:25 | Ancient Protector |
| 25:26 | Ancient Protector |
| 25:48 | Ancient Protector |
| 25:48 | Ancient Protector |
| 25:50 | Wisp |
| 25:50 | Wisp |
| 26:30 | Blink |
| 27:01 | Well Spring |
| 27:24 | Ancient Protector |
| 27:24 | Ancient Protector |
| 27:26 | Ancient Protector |
| 27:30 | Wisp |
| 27:30 | Wisp |
| 27:30 | Wisp |
| 27:41 | Wisp |
| 27:42 | Wisp |
| 28:39 | Ancient Protector |
| 28:40 | Ancient Protector |
| 33:45 | Chimaera |
| Right click | 2405 |
| Select group | 773 |
| Select | 641 |
| Assign group | 360 |
| Misc. action | 263 |
| Build/train/purchase | 157 |
| Use ability | 95 |
| Item give/drop | 10 |
| Resource trade | 6 |
| Chat | 6 |
| Esc | 3 |
| Minimap ping | 3 |
| Remove unit | 1 |


| Healing Salve | 5 | 500 |
| Lesser Clarity Potion | 4 | 280 |
| Potion of Mana | 1 | 200 |
| Potion of Healing | 1 | 150 |
| Scroll of Town Portal | 2 | 700 |
| Dust of Appearance | 1 | 75 |
| Potion of Lesser Invulnerability | 1 | 150 |
| total: | 15 | 2055g |
| Peon | 22 | 1650 | / | 0 |
| Grunt | 5 | 1000 | / | 0 |
| Troll Batrider | 20 | 3200 | / | 800 |
| Troll Headhunter | 7 | 980 | / | 140 |
| Shaman | 6 | 780 | / | 120 |
| Troll Berserker | 8 | 1120 | / | 160 |
| Kodo Beast | 4 | 1020 | / | 240 |
| total: | 72 | 9750g | / | 1460w |
| Watch Tower | 19 | 2090 | / | 1520 |
| Altar of Storms | 1 | 180 | / | 50 |
| Orc Burrow | 8 | 1280 | / | 320 |
| Barracks | 2 | 360 | / | 100 |
| Voodoo Lounge | 1 | 130 | / | 30 |
| War Mill | 2 | 410 | / | 0 |
| Great Hall | 4 | 1540 | / | 740 |
| Beastiary | 2 | 290 | / | 280 |
| Spirit Lodge | 2 | 300 | / | 300 |
| Stronghold | 2 | 630 | / | 380 |
| Fortress | 2 | 650 | / | 380 |
| total: | 41 | 6580g | / | 3340w |
| 0:02 | Peon |
| 0:05 | Altar of Storms |
| 0:10 | Peon |
| 0:14 | Orc Burrow |
| 0:19 | Barracks |
| 0:26 | Peon |
| 0:40 | Peon |
| 0:50 | Peon |
| 1:00 | Peon |
| 1:19 | Grunt |
| 1:29 | Voodoo Lounge |
| 1:46 | Grunt |
| 2:05 | Orc Burrow |
| 2:09 | Feral Spirit |
| 3:08 | Peon |
| 3:08 | Peon |
| 3:09 | Peon |
| 3:10 | Grunt |
| 3:15 | War Mill |
| 3:17 | Healing Salve |
| 3:54 | Grunt |
| 4:06 | Stronghold |
| 4:36 | Orc Burrow |
| 4:43 | Chain Lighting |
| 5:11 | Healing Salve |
| 5:12 | Healing Salve |
| 5:12 | Lesser Clarity Potion |
| 5:56 | Chain Lighting |
| 6:10 | Orc Burrow |
| 6:52 | Grunt |
| 6:52 | Berserker Strength |
| 7:07 | Great Hall |
| 7:17 | Healing Salve |
| 7:20 | Potion of Mana |
| 7:24 | Beastiary |
| 7:39 | Beastiary |
| 8:09 | War Stomp |
| 9:09 | Troll Batrider |
| 9:10 | Troll Batrider |
| 9:17 | Feral Spirit |
| 9:41 | Troll Batrider |
| 10:46 | Healing Salve |
| 10:46 | Lesser Clarity Potion |
| 10:48 | Scroll of Town Portal |
| 10:51 | Peon |
| 10:51 | Peon |
| 10:51 | Peon |
| 10:51 | Peon |
| 11:03 | Lesser Clarity Potion |
| 11:10 | Troll Batrider |
| 11:12 | Steel Armor |
| 11:17 | Orc Burrow |
| 12:26 | Troll Batrider |
| 12:37 | Troll Batrider |
| 13:14 | Peon |
| 13:15 | Peon |
| 13:15 | Peon |
| 13:15 | Peon |
| 13:15 | Peon |
| 13:32 | Watch Tower |
| 13:33 | Watch Tower |
| 13:34 | Watch Tower |
| 13:35 | Watch Tower |
| 13:39 | Watch Tower |
| 13:43 | Reinforced Defenses |
| 14:09 | Troll Batrider |
| 14:11 | Troll Batrider |
| 14:19 | Watch Tower |
| 14:20 | Watch Tower |
| 14:48 | Peon |
| 14:48 | Peon |
| 14:50 | Troll Batrider |
| 14:53 | Troll Batrider |
| 16:00 | Troll Batrider |
| 16:00 | Troll Batrider |
| 16:26 | Fortress |
| 16:56 | Troll Batrider |
| 17:13 | Endurance Aura |
| 18:09 | Orc Burrow |
| 18:14 | Barracks |
| 18:18 | Spirit Lodge |
| 18:23 | Spirit Lodge |
| 19:10 | Liquid Fire |
| 21:17 | Troll Batrider |
| 21:18 | Berserker Upgrade |
| 21:20 | Troll Headhunter |
| 21:20 | Troll Headhunter |
| 21:21 | Troll Headhunter |
| 21:21 | Troll Headhunter |
| 21:23 | Shaman Adept Training |
| 21:25 | Shaman |
| 21:25 | Shaman |
| 21:31 | Troll Batrider |
| 21:31 | Troll Batrider |
| 21:34 | Peon |
| 21:34 | Peon |
| 21:39 | War Mill |
| 21:52 | Troll Batrider |
| 21:52 | Troll Batrider |
| 21:53 | Troll Batrider |
| 21:55 | Troll Headhunter |
| 21:55 | Troll Headhunter |
| 21:55 | Troll Headhunter |
| 22:26 | Troll Berserker |
| 22:26 | Troll Berserker |
| 23:13 | Troll Batrider |
| 23:15 | Shaman Master Training |
| 23:17 | Shaman |
| 23:23 | War Drums Damage Increase |
| 23:23 | Kodo Beast |
| 23:26 | Kodo Beast |
| 23:26 | Kodo Beast |
| 23:45 | Scroll of Town Portal |
| 23:56 | Shaman |
| 23:59 | Steel Ranged Weapons |
| 24:30 | Thorium Armor |
| 24:38 | Orc Burrow |
| 24:39 | Orc Burrow |
| 25:04 | Potion of Healing |
| 25:09 | Potion of Lesser Invulnerability |
| 25:11 | Dust of Appearance |
| 26:34 | Chain Lighting |
| 27:37 | Watch Tower |
| 27:38 | Watch Tower |
| 27:41 | Great Hall |
| 27:47 | War Stomp |
| 27:56 | Kodo Beast |
| 27:58 | Shaman |
| 28:00 | Troll Berserker |
| 28:30 | Earth Quake |
| 29:06 | Great Hall |
| 29:10 | Watch Tower |
| 29:11 | Watch Tower |
| 30:25 | Great Hall |
| 30:26 | Watch Tower |
| 30:27 | Watch Tower |
| 30:27 | Watch Tower |
| 30:27 | Watch Tower |
| 31:01 | Troll Berserker |
| 31:03 | Troll Berserker |
| 31:05 | Shaman |
| 31:12 | Watch Tower |
| 31:47 | Lesser Clarity Potion |
| 32:06 | Troll Berserker |
| 32:13 | Troll Berserker |
| 32:24 | Watch Tower |
| 32:35 | Watch Tower |
| 32:55 | Troll Berserker |
| 33:04 | Watch Tower |
| Right click | 1607 |
| Select | 539 |
| Misc. action | 182 |
| Build/train/purchase | 173 |
| Use ability | 102 |
| Select group | 58 |
| Assign group | 16 |
| Remove unit | 9 |
| Resource trade | 6 |
| Esc | 2 |
| Item give/drop | 1 |
| Minimap ping | 1 |

| Moonstone | 3 | 150 |
| Lesser Clarity Potion | 1 | 70 |
| Orb of Venom | 1 | 325 |
| Scroll of Town Portal | 2 | 700 |
| Potion of Lesser Invulnerability | 1 | 150 |
| Staff of Teleportation | 1 | 150 |
| total: | 9 | 1545g |
| Wisp | 28 | 1680 | / | 0 |
| Archer | 13 | 1690 | / | 130 |
| Hippogryph | 15 | 2400 | / | 300 |
| Chimaera | 8 | 2640 | / | 560 |
| total: | 64 | 8410g | / | 990w |
| Altar of Elders | 2 | 360 | / | 100 |
| Moon Well | 7 | 1260 | / | 280 |
| Ancient of War | 1 | 150 | / | 60 |
| Ancient of Wonders | 3 | 270 | / | 90 |
| Hunter's Hall | 1 | 210 | / | 100 |
| Tree of Life | 5 | 1700 | / | 925 |
| Ancient of Wind | 2 | 300 | / | 280 |
| Chimaera Roost | 3 | 420 | / | 570 |
| Tree of Ages | 2 | 640 | / | 360 |
| Tree of Eternity | 2 | 660 | / | 400 |
| total: | 24 | 4670g | / | 2405w |
| 0:01 | Wisp |
| 0:07 | Wisp |
| 0:16 | Altar of Elders |
| 0:23 | Moon Well |
| 0:31 | Wisp |
| 0:47 | Ancient of War |
| 0:48 | Wisp |
| 0:58 | Wisp |
| 1:06 | Wisp |
| 1:16 | Wisp |
| 1:27 | Wisp |
| 1:29 | Moon Well |
| 1:47 | Wisp |
| 1:50 | Archer |
| 2:03 | Ancient of Wonders |
| 2:08 | Wisp |
| 2:20 | Searing Arrows |
| 2:23 | Archer |
| 2:25 | Archer |
| 2:30 | Wisp |
| 2:47 | Archer |
| 3:00 | Tree of Ages |
| 3:21 | Moon Well |
| 3:28 | Archer |
| 3:41 | Archer |
| 4:18 | Moon Well |
| 4:22 | Hunter's Hall |
| 4:35 | Trueshot Aura |
| 4:44 | Moonstone |
| 4:44 | Lesser Clarity Potion |
| 5:12 | Archer |
| 5:13 | Archer |
| 5:29 | Strength of the Moon |
| 5:34 | Ancient of Wind |
| 5:41 | Ancient of Wind |
| 5:48 | Archer |
| 6:10 | Trueshot Aura |
| 6:18 | Improved Bows |
| 6:22 | Tree of Eternity |
| 6:41 | Improved Strength of the Moon |
| 6:48 | Moonstone |
| 7:40 | Archer |
| 7:41 | Hippogryph |
| 8:25 | Hippogryph |
| 8:44 | Marksmanship |
| 8:47 | Wisp |
| 8:48 | Wisp |
| 8:48 | Wisp |
| 8:48 | Wisp |
| 8:49 | Wisp |
| 9:11 | Searing Arrows |
| 9:19 | Hippogryph |
| 9:23 | Wisp |
| 9:37 | Hippogryph |
| 9:56 | Archer |
| 9:57 | Hippogryph |
| 10:12 | Moon Armor |
| 11:06 | Wisp |
| 11:06 | Wisp |
| 11:20 | Advanced Strength of the Moon |
| 11:48 | Moon Well |
| 11:49 | Moon Well |
| 11:52 | Moon Well |
| 12:35 | Trueshot Aura |
| 13:15 | Tree of Life |
| 13:23 | Chimaera Roost |
| 13:37 | Orb of Venom |
| 14:24 | Tree of Life |
| 14:39 | Chimaera Roost |
| 14:39 | Chimaera Roost |
| 14:55 | Hippogryph |
| 14:57 | Archer |
| 14:58 | Archer |
| 14:59 | Hippogryph |
| 15:11 | Moonstone |
| 16:04 | Strength of the Wild |
| 16:05 | Well Spring |
| 16:31 | Chimaera |
| 16:32 | Chimaera |
| 18:06 | Corrosive Breath |
| 18:09 | Improved Strength of the Wild |
| 18:12 | Wisp |
| 18:13 | Wisp |
| 18:24 | Wisp |
| 18:46 | Chimaera |
| 18:59 | Chimaera |
| 19:28 | Advanced Strength of the Wild |
| 19:46 | Tree of Life |
| 19:49 | Wisp |
| 21:53 | Chimaera |
| 22:16 | Starfall |
| 22:28 | Chimaera |
| 23:11 | Chimaera |
| 24:22 | Hippogryph |
| 24:23 | Hippogryph |
| 25:11 | Tree of Life |
| 26:56 | Searing Arrows |
| 27:29 | Wisp |
| 27:29 | Wisp |
| 27:29 | Wisp |
| 27:30 | Wisp |
| 27:30 | Wisp |
| 29:46 | Tree of Life |
| 30:05 | Scout |
| 30:32 | Chimaera |
| 30:50 | Hippogryph |
| 30:50 | Hippogryph |
| 30:50 | Hippogryph |
| 30:51 | Hippogryph |
| 31:14 | Scroll of Town Portal |
| 32:23 | Scout |
| 33:10 | Ancient of Wonders |
| 33:13 | Altar of Elders |
| 33:19 | Ancient of Wonders |
| 33:35 | Hippogryph |
| 33:35 | Hippogryph |
| 34:02 | Scroll of Town Portal |
| 34:02 | Potion of Lesser Invulnerability |
| 34:06 | Staff of Teleportation |
| Right click | 1143 |
| Select | 311 |
| Select group | 284 |
| Build/train/purchase | 122 |
| Assign group | 37 |
| Use ability | 17 |
| Chat | 10 |
| Misc. action | 8 |
| Minimap ping | 8 |
| Esc | 7 |
| Item give/drop | 6 |
| Remove unit | 1 |

| Scroll of Regeneration | 4 | 400 |
| Lesser Clarity Potion | 2 | 140 |
| Scroll of Town Portal | 1 | 350 |
| Scroll of Healing | 1 | 250 |
| Potion of Lesser Invulnerability | 1 | 150 |
| Boots of Speed | 1 | 250 |
| Staff of Teleportation | 1 | 150 |
| total: | 11 | 1690g |
| Peasant | 16 | 1200 | / | 0 |
| Rifleman | 9 | 1845 | / | 270 |
| Flying Machine | 4 | 400 | / | 120 |
| Siege Engine | 1 | 195 | / | 60 |
| Mortar Team | 9 | 1620 | / | 630 |
| Goblin Shredder | 2 | 750 | / | 200 |
| total: | 41 | 6010g | / | 1280w |
| Scout Tower | 2 | 60 | / | 40 |
| Arcane Tower | 3 | 210 | / | 150 |
| Farm | 12 | 960 | / | 240 |
| Blacksmith | 1 | 140 | / | 60 |
| Barracks | 2 | 320 | / | 120 |
| Altar of Kings | 1 | 180 | / | 50 |
| Town Hall | 3 | 1155 | / | 615 |
| Arcane Vault | 1 | 130 | / | 30 |
| Lumber Mill | 1 | 120 | / | 0 |
| Workshop | 4 | 560 | / | 560 |
| Gryphon Aviary | 2 | 280 | / | 300 |
| Keep | 3 | 960 | / | 630 |
| Castle | 2 | 720 | / | 420 |
| total: | 29 | 3905g | / | 2015w |
| 0:17 | Peasant |
| 0:17 | Peasant |
| 0:17 | Peasant |
| 0:17 | Peasant |
| 0:17 | Peasant |
| 0:17 | Peasant |
| 0:17 | Peasant |
| 1:20 | Farm |
| 1:22 | Blacksmith |
| 1:25 | Farm |
| 1:50 | Peasant |
| 1:50 | Peasant |
| 1:50 | Peasant |
| 1:50 | Peasant |
| 1:51 | Peasant |
| 1:51 | Peasant |
| 1:56 | Farm |
| 2:10 | Barracks |
| 2:11 | Barracks |
| 2:22 | Altar of Kings |
| 2:51 | Peasant |
| 2:52 | Peasant |
| 2:52 | Peasant |
| 3:10 | Farm |
| 3:14 | Rifleman |
| 3:23 | Rifleman |
| 3:23 | Rifleman |
| 3:58 | Breath of Fire |
| 4:27 | Rifleman |
| 4:40 | Town Hall |
| 5:19 | Drunken Haze |
| 5:28 | Rifleman |
| 5:44 | Rifleman |
| 5:47 | Arcane Vault |
| 6:01 | Keep |
| 6:17 | Rifleman |
| 6:47 | Breath of Fire |
| 7:18 | Rifleman |
| 7:21 | Farm |
| 7:23 | Farm |
| 7:23 | Farm |
| 7:24 | Farm |
| 7:26 | Scroll of Regeneration |
| 7:32 | Lesser Clarity Potion |
| 7:32 | Scroll of Regeneration |
| 7:40 | Black Gunpowder |
| 7:40 | Refined Gunpowder |
| 7:40 | Studded Leather Armor |
| 7:46 | Scout Tower |
| 7:55 | Scout Tower |
| 8:01 | Arcane Tower |
| 9:06 | Castle |
| 9:09 | Lumber Mill |
| 9:25 | Long Rifles |
| 9:48 | Goblin Shredder |
| 9:48 | Goblin Shredder |
| 9:55 | Drunken Brawler |
| 10:07 | Rifleman |
| 10:17 | Scroll of Regeneration |
| 10:21 | Lesser Clarity Potion |
| 10:34 | Improved Lumber Harvesting |
| 10:56 | Workshop |
| 10:56 | Workshop |
| 11:01 | Workshop |
| 11:05 | Workshop |
| 11:10 | Scroll of Regeneration |
| 11:17 | Farm |
| 11:30 | Imbued Gunpowder |
| 11:49 | Fragmentation Shards |
| 11:58 | Flak Cannons |
| 12:06 | Scroll of Town Portal |
| 12:09 | Potion of Lesser Invulnerability |
| 12:10 | Scroll of Healing |
| 12:23 | Flying Machine |
| 12:23 | Flying Machine |
| 12:47 | Breath of Fire |
| 13:23 | Flying Machine |
| 13:23 | Flying Machine |
| 13:43 | Gryphon Aviary |
| 13:46 | Gryphon Aviary |
| 15:05 | Siege Engine |
| 15:46 | Farm |
| 15:47 | Farm |
| 15:47 | Farm |
| 16:09 | Barrage |
| 17:45 | Flare |
| 17:45 | Mortar Team |
| 17:45 | Mortar Team |
| 17:54 | Town Hall |
| 18:31 | Mortar Team |
| 19:38 | Mortar Team |
| 19:38 | Mortar Team |
| 19:38 | Mortar Team |
| 20:42 | Mortar Team |
| 20:43 | Mortar Team |
| 21:21 | Storm Earth and Fire |
| 22:45 | Mortar Team |
| 29:54 | Boots of Speed |
| 29:54 | Staff of Teleportation |
| 30:29 | Drunken Haze |
| 33:48 | Town Hall |
| Right click | 2020 |
| Select group | 552 |
| Select | 542 |
| Misc. action | 239 |
| Build/train/purchase | 152 |
| Use ability | 80 |
| Minimap ping | 79 |
| Assign group | 65 |
| Resource trade | 17 |
| Esc | 8 |
| Chat | 8 |
| Item give/drop | 5 |
| Remove unit | 3 |
131 units @ 16k
/ 2.6k
224 buildings @ 23k
/ 12.6k

| Lesser Clarity Potion | 12 | 840 |
| Healing Salve | 8 | 800 |
| Orb of Lightning | 1 | 375 |
| Potion of Mana | 1 | 200 |
| Dust of Appearance | 1 | 75 |
| Staff of Teleportation | 1 | 150 |
| Boots of Speed | 2 | 500 |
| Mana Stone | 1 | 450 |
| Claws of Attack +12 | 1 | 500 |
| total: | 28 | 3890g |
| Peon | 17 | 1275 | / | 0 |
| Troll Batrider | 23 | 3680 | / | 920 |
| total: | 40 | 4955g | / | 920w |
| Watch Tower | 19 | 2090 | / | 1520 |
| Altar of Storms | 4 | 720 | / | 200 |
| Orc Burrow | 6 | 960 | / | 240 |
| Voodoo Lounge | 3 | 390 | / | 90 |
| War Mill | 2 | 410 | / | 0 |
| Great Hall | 3 | 1155 | / | 555 |
| Beastiary | 2 | 290 | / | 280 |
| Stronghold | 1 | 315 | / | 190 |
| Fortress | 1 | 325 | / | 190 |
| total: | 39 | 6015g | / | 2885w |
| 0:02 | Peon |
| 0:02 | Peon |
| 0:06 | Altar of Storms |
| 0:10 | Orc Burrow |
| 0:14 | Peon |
| 0:40 | Peon |
| 0:44 | Voodoo Lounge |
| 0:50 | Peon |
| 0:57 | War Mill |
| 0:59 | Peon |
| 1:06 | Peon |
| 1:25 | Peon |
| 1:42 | Peon |
| 1:54 | Peon |
| 2:03 | Peon |
| 2:05 | Wind Walk |
| 2:07 | Lesser Clarity Potion |
| 2:07 | Lesser Clarity Potion |
| 2:08 | Healing Salve |
| 2:08 | Healing Salve |
| 2:11 | Watch Tower |
| 2:13 | Peon |
| 2:46 | Stronghold |
| 2:58 | Watch Tower |
| 3:09 | Watch Tower |
| 3:43 | Orc Burrow |
| 3:45 | Watch Tower |
| 3:48 | Watch Tower |
| 4:40 | Watch Tower |
| 4:41 | Watch Tower |
| 4:51 | Staff of Teleportation |
| 4:51 | Boots of Speed |
| 4:51 | Boots of Speed |
| 5:04 | Dust of Appearance |
| 5:29 | Fortress |
| 5:53 | Reinforced Defenses |
| 6:15 | Beastiary |
| 6:19 | Orc Burrow |
| 6:46 | Critical Strike |
| 6:53 | Beastiary |
| 6:57 | Orc Burrow |
| 7:22 | Troll Batrider |
| 7:37 | Troll Batrider |
| 7:44 | Watch Tower |
| 7:44 | Watch Tower |
| 8:06 | Troll Batrider |
| 8:31 | Troll Batrider |
| 9:00 | Troll Batrider |
| 9:17 | Troll Batrider |
| 9:25 | Watch Tower |
| 9:26 | Watch Tower |
| 9:34 | Liquid Fire |
| 9:59 | Wind Walk |
| 10:07 | Troll Batrider |
| 10:31 | Troll Batrider |
| 10:51 | Troll Batrider |
| 10:59 | Lesser Clarity Potion |
| 11:03 | Healing Salve |
| 11:08 | Orb of Lightning |
| 11:08 | Lesser Clarity Potion |
| 11:21 | Troll Batrider |
| 11:51 | Troll Batrider |
| 12:15 | Critical Strike |
| 12:26 | Troll Batrider |
| 13:04 | Troll Batrider |
| 13:35 | Troll Batrider |
| 14:35 | Troll Batrider |
| 15:16 | Troll Batrider |
| 15:21 | Watch Tower |
| 15:47 | Watch Tower |
| 15:48 | Watch Tower |
| 15:49 | Watch Tower |
| 16:26 | Wind Walk |
| 16:54 | Troll Batrider |
| 16:59 | Lesser Clarity Potion |
| 16:59 | Lesser Clarity Potion |
| 17:01 | Healing Salve |
| 17:40 | Great Hall |
| 17:48 | Troll Batrider |
| 17:52 | Watch Tower |
| 18:09 | Mana Stone |
| 18:18 | Troll Batrider |
| 18:19 | Watch Tower |
| 18:50 | Watch Tower |
| 18:54 | Watch Tower |
| 19:28 | Bladestorm |
| 19:35 | Troll Batrider |
| 19:35 | Troll Batrider |
| 19:36 | Steel Ranged Weapons |
| 19:53 | Potion of Mana |
| 20:28 | Troll Batrider |
| 20:46 | Troll Batrider |
| 21:00 | Peon |
| 21:00 | Peon |
| 21:32 | Voodoo Lounge |
| 22:02 | Lesser Clarity Potion |
| 22:03 | Healing Salve |
| 22:54 | Critical Strike |
| 23:04 | Lesser Clarity Potion |
| 23:06 | Healing Salve |
| 24:04 | Great Hall |
| 24:08 | War Mill |
| 24:24 | Great Hall |
| 24:30 | Claws of Attack +12 |
| 25:21 | Voodoo Lounge |
| 25:23 | Orc Burrow |
| 25:44 | Lesser Clarity Potion |
| 25:46 | Healing Salve |
| 26:15 | Lesser Clarity Potion |
| 27:19 | Mirror Image |
| 27:48 | Lesser Clarity Potion |
| 28:34 | Lesser Clarity Potion |
| 28:36 | Healing Salve |
| 29:37 | Peon |
| 29:37 | Peon |
| 30:21 | Orc Burrow |
| 31:10 | Altar of Storms |
| 31:19 | Peon |
| 31:38 | Altar of Storms |
| 32:21 | Altar of Storms |
| Right click | 1887 |
| Select group | 469 |
| Select | 253 |
| Build/train/purchase | 165 |
| Use ability | 78 |
| Misc. action | 56 |
| Assign group | 35 |
| Resource trade | 25 |
| Esc | 14 |
| Item give/drop | 10 |
| Minimap ping | 1 |



| Scroll of Regeneration | 1 | 100 |
| Lesser Clarity Potion | 1 | 70 |
| Staff of Sanctuary | 3 | 750 |
| Potion of Healing | 1 | 150 |
| Mechanical Critter | 3 | 150 |
| Potion of Mana | 1 | 200 |
| Staff of Teleportation | 3 | 450 |
| Boots of Speed | 3 | 750 |
| Orb of Lightning | 2 | 750 |
| Robe of the Magi +6 | 1 | 400 |
| total: | 19 | 3770g |
| Peasant | 23 | 1725 | / | 0 |
| Priest | 1 | 135 | / | 10 |
| Dragonhawk Rider | 7 | 1400 | / | 210 |
| total: | 31 | 3260g | / | 220w |
| Scout Tower | 84 | 2520 | / | 1680 |
| Arcane Tower | 4 | 280 | / | 200 |
| Guard Tower | 42 | 2940 | / | 2100 |
| Altar of Kings | 1 | 180 | / | 50 |
| Farm | 5 | 400 | / | 100 |
| Lumber Mill | 1 | 120 | / | 0 |
| Arcane Vault | 2 | 260 | / | 60 |
| Town Hall | 5 | 1925 | / | 1025 |
| Blacksmith | 1 | 140 | / | 60 |
| Barracks | 1 | 160 | / | 60 |
| Arcane Sanctum | 1 | 150 | / | 140 |
| Gryphon Aviary | 1 | 140 | / | 150 |
| Keep | 1 | 320 | / | 210 |
| Castle | 2 | 720 | / | 420 |
| total: | 102 | 5995g | / | 3325w |
| 0:01 | Peasant |
| 0:01 | Peasant |
| 0:07 | Altar of Kings |
| 0:16 | Peasant |
| 0:17 | Farm |
| 0:21 | Peasant |
| 0:41 | Peasant |
| 0:46 | Farm |
| 0:49 | Lumber Mill |
| 0:51 | Peasant |
| 0:54 | Scout Tower |
| 1:20 | Peasant |
| 1:33 | Scout Tower |
| 1:33 | Peasant |
| 1:36 | Arcane Tower |
| 1:43 | Peasant |
| 1:51 | Peasant |
| 1:55 | Scout Tower |
| 1:59 | Peasant |
| 2:05 | Guard Tower |
| 2:13 | Peasant |
| 2:15 | Scout Tower |
| 2:16 | Scout Tower |
| 2:30 | Peasant |
| 2:31 | Blizzard |
| 2:47 | Guard Tower |
| 2:47 | Guard Tower |
| 3:13 | Scout Tower |
| 3:13 | Scout Tower |
| 3:14 | Guard Tower |
| 3:16 | Peasant |
| 3:18 | Improved Masonry |
| 3:40 | Guard Tower |
| 3:42 | Scout Tower |
| 3:42 | Guard Tower |
| 3:43 | Peasant |
| 4:03 | Keep |
| 4:10 | Guard Tower |
| 4:14 | Scout Tower |
| 4:24 | Scout Tower |
| 4:27 | Guard Tower |
| 4:29 | Scout Tower |
| 4:37 | Farm |
| 4:41 | Farm |
| 5:17 | Guard Tower |
| 5:17 | Arcane Tower |
| 5:21 | Scout Tower |
| 5:21 | Scout Tower |
| 5:22 | Scout Tower |
| 5:23 | Scout Tower |
| 5:43 | Staff of Teleportation |
| 5:43 | Boots of Speed |
| 5:50 | Guard Tower |
| 6:33 | Advanced Masonry |
| 6:38 | Imbued Masonry |
| 6:42 | Arcane Vault |
| 6:46 | Guard Tower |
| 6:50 | Guard Tower |
| 6:58 | Brilliance Aura |
| 7:13 | Arcane Sanctum |
| 7:34 | Storm Bolt |
| 7:43 | Guard Tower |
| 7:46 | Town Hall |
| 7:58 | Scout Tower |
| 7:58 | Scout Tower |
| 8:19 | Improved Lumber Harvesting |
| 8:37 | Boots of Speed |
| 8:37 | Staff of Teleportation |
| 8:43 | Magic Sentry |
| 8:44 | Priest |
| 8:50 | Guard Tower |
| 8:59 | Scroll of Regeneration |
| 9:18 | Scout Tower |
| 9:18 | Scout Tower |
| 9:19 | Scout Tower |
| 9:19 | Scout Tower |
| 9:19 | Scout Tower |
| 9:20 | Scout Tower |
| 9:36 | Priest Adept Training |
| 10:15 | Guard Tower |
| 10:15 | Castle |
| 10:38 | Guard Tower |
| 11:08 | Town Hall |
| 11:10 | Scout Tower |
| 11:10 | Scout Tower |
| 11:11 | Scout Tower |
| 11:11 | Scout Tower |
| 11:12 | Scout Tower |
| 11:13 | Scout Tower |
| 11:13 | Scout Tower |
| 11:14 | Scout Tower |
| 12:05 | Town Hall |
| 12:08 | Scout Tower |
| 12:09 | Scout Tower |
| 12:09 | Scout Tower |
| 12:10 | Scout Tower |
| 12:10 | Scout Tower |
| 12:11 | Scout Tower |
| 12:11 | Scout Tower |
| 12:18 | Arcane Tower |
| 12:18 | Guard Tower |
| 12:28 | Lesser Clarity Potion |
| 12:38 | Advanced Lumber Harvesting |
| 12:42 | Peasant |
| 12:43 | Peasant |
| 13:06 | Arcane Tower |
| 13:08 | Guard Tower |
| 13:22 | Guard Tower |
| 13:23 | Scout Tower |
| 13:28 | Peasant |
| 13:41 | Guard Tower |
| 13:43 | Scout Tower |
| 13:45 | Scout Tower |
| 14:04 | Bash |
| 14:12 | Guard Tower |
| 14:14 | Holy Light |
| 14:16 | Staff of Sanctuary |
| 14:25 | Blizzard |
| 14:30 | Guard Tower |
| 14:31 | Guard Tower |
| 14:32 | Scout Tower |
| 14:41 | Staff of Teleportation |
| 15:04 | Boots of Speed |
| 15:42 | Peasant |
| 15:44 | Arcane Vault |
| 15:55 | Guard Tower |
| 16:34 | Scout Tower |
| 16:35 | Scout Tower |
| 16:35 | Scout Tower |
| 16:36 | Scout Tower |
| 16:36 | Scout Tower |
| 16:36 | Scout Tower |
| 16:38 | Divine Shield |
| 16:56 | Storm Bolt |
| 17:46 | Guard Tower |
| 17:47 | Peasant |
| 17:47 | Peasant |
| 17:47 | Peasant |
| 17:48 | Peasant |
| 18:01 | Robe of the Magi +6 |
| 18:25 | Scout Tower |
| 18:25 | Scout Tower |
| 18:26 | Scout Tower |
| 18:26 | Scout Tower |
| 18:26 | Scout Tower |
| 18:27 | Scout Tower |
| 18:27 | Scout Tower |
| 18:27 | Scout Tower |
| 18:29 | Guard Tower |
| 18:31 | Brilliance Aura |
| 18:56 | Orb of Lightning |
| 19:01 | Staff of Sanctuary |
| 19:18 | Holy Light |
| 19:34 | Scout Tower |
| 19:35 | Scout Tower |
| 19:35 | Scout Tower |
| 19:35 | Scout Tower |
| 19:36 | Scout Tower |
| 19:36 | Scout Tower |
| 19:36 | Scout Tower |
| 19:54 | Sorceress Adept Training |
| 19:57 | Gryphon Aviary |
| 19:57 | Blacksmith |
| 19:58 | Barracks |
| 20:00 | Guard Tower |
| 20:02 | Scout Tower |
| 20:02 | Scout Tower |
| 20:03 | Scout Tower |
| 20:03 | Scout Tower |
| 20:03 | Scout Tower |
| 20:04 | Scout Tower |
| 20:05 | Scout Tower |
| 20:05 | Scout Tower |
| 21:00 | Potion of Healing |
| 21:58 | Dragonhawk Rider |
| 21:58 | Dragonhawk Rider |
| 21:58 | Dragonhawk Rider |
| 22:11 | Guard Tower |
| 22:25 | Mechanical Critter |
| 22:25 | Mechanical Critter |
| 22:25 | Mechanical Critter |
| 22:33 | Staff of Sanctuary |
| 22:44 | Guard Tower |
| 22:52 | Orb of Lightning |
| 22:58 | Studded Leather Armor |
| 23:00 | Farm |
| 23:09 | Dragonhawk Rider |
| 23:12 | Guard Tower |
| 23:13 | Scout Tower |
| 23:14 | Scout Tower |
| 23:14 | Scout Tower |
| 23:14 | Scout Tower |
| 23:15 | Scout Tower |
| 23:15 | Scout Tower |
| 24:21 | Animal War Training |
| 24:23 | Dragonhawk Rider |
| 24:36 | Bash |
| 24:46 | Town Hall |
| 25:01 | Reinforced Leather Armor |
| 25:18 | Guard Tower |
| 25:19 | Scout Tower |
| 25:20 | Scout Tower |
| 26:03 | Divine Shield |
| 26:23 | Guard Tower |
| 26:24 | Scout Tower |
| 26:25 | Scout Tower |
| 26:25 | Scout Tower |
| 26:26 | Scout Tower |
| 26:26 | Scout Tower |
| 26:27 | Guard Tower |
| 27:30 | Dragonhawk Rider |
| 27:30 | Dragonhawk Rider |
| 27:31 | Dragonhide Armor |
| 27:52 | Guard Tower |
| 28:04 | Guard Tower |
| 28:29 | Potion of Mana |
| 28:43 | Guard Tower |
| 29:05 | Blizzard |
| 29:07 | Storm Bolt |
| 29:42 | Town Hall |
| 31:26 | Holy Light |
| 31:57 | Iron Forged Swords |
| Right click | 3401 |
| Select | 980 |
| Select group | 574 |
| Build/train/purchase | 205 |
| Use ability | 155 |
| Assign group | 23 |
| Minimap ping | 23 |
| Resource trade | 15 |
| Item give/drop | 8 |
| Misc. action | 7 |
| Esc | 1 |
IcebergSlim
(34:15) : 

| Healing Salve | 3 | 300 |
| Orb of Lightning | 2 | 750 |
| Boots of Speed | 2 | 500 |
| Staff of Teleportation | 2 | 300 |
| total: | 9 | 1850g |
| Peon | 12 | 900 | / | 0 |
| Troll Batrider | 20 | 3200 | / | 800 |
| Goblin Shredder | 1 | 375 | / | 100 |
| total: | 33 | 4475g | / | 900w |
| Watch Tower | 33 | 3630 | / | 2640 |
| Altar of Storms | 2 | 360 | / | 100 |
| Orc Burrow | 3 | 480 | / | 120 |
| War Mill | 1 | 205 | / | 0 |
| Voodoo Lounge | 1 | 130 | / | 30 |
| Great Hall | 1 | 385 | / | 185 |
| Beastiary | 6 | 870 | / | 840 |
| Stronghold | 1 | 315 | / | 190 |
| Fortress | 1 | 325 | / | 190 |
| total: | 47 | 6060g | / | 3915w |
| 0:02 | Peon |
| 0:02 | Peon |
| 0:04 | Altar of Storms |
| 0:17 | Orc Burrow |
| 0:26 | Peon |
| 0:40 | Peon |
| 0:48 | War Mill |
| 0:52 | Peon |
| 1:05 | Voodoo Lounge |
| 1:13 | Peon |
| 1:25 | Peon |
| 1:44 | Orc Burrow |
| 1:47 | Peon |
| 2:02 | Watch Tower |
| 2:05 | Wind Walk |
| 2:08 | Healing Salve |
| 2:12 | Peon |
| 2:37 | Watch Tower |
| 2:44 | Peon |
| 2:44 | Peon |
| 3:06 | Peon |
| 3:08 | Watch Tower |
| 4:18 | Watch Tower |
| 4:19 | Stronghold |
| 4:20 | Watch Tower |
| 4:41 | Watch Tower |
| 4:46 | Orc Burrow |
| 5:26 | Watch Tower |
| 5:51 | Watch Tower |
| 5:54 | Watch Tower |
| 6:07 | Boots of Speed |
| 6:07 | Staff of Teleportation |
| 7:01 | Beastiary |
| 7:11 | Watch Tower |
| 7:29 | Beastiary |
| 7:45 | Hex |
| 7:47 | Beastiary |
| 8:07 | Fortress |
| 8:14 | Critical Strike |
| 8:47 | Watch Tower |
| 8:50 | Troll Batrider |
| 9:20 | Watch Tower |
| 9:22 | Watch Tower |
| 9:37 | Troll Batrider |
| 9:56 | Reinforced Defenses |
| 10:27 | Great Hall |
| 10:38 | Watch Tower |
| 10:47 | Troll Batrider |
| 10:55 | Liquid Fire |
| 11:16 | Troll Batrider |
| 11:18 | Steel Ranged Weapons |
| 11:27 | Boots of Speed |
| 12:02 | Watch Tower |
| 12:32 | Steel Armor |
| 13:18 | Troll Batrider |
| 13:41 | Troll Batrider |
| 13:45 | Watch Tower |
| 14:03 | Healing Wave |
| 14:15 | Goblin Shredder |
| 14:35 | Troll Batrider |
| 14:40 | Wind Walk |
| 14:53 | Troll Batrider |
| 14:58 | Watch Tower |
| 15:13 | Healing Salve |
| 15:40 | Spiked Barricades |
| 15:41 | Thorium Ranged Weapons |
| 15:46 | Watch Tower |
| 15:50 | Watch Tower |
| 16:23 | Troll Batrider |
| 16:31 | Watch Tower |
| 16:34 | Beastiary |
| 16:37 | Watch Tower |
| 16:49 | Orb of Lightning |
| 17:12 | Healing Salve |
| 17:15 | Watch Tower |
| 17:20 | Beastiary |
| 17:21 | Troll Batrider |
| 17:37 | Watch Tower |
| 18:01 | Improved Spiked Barricades |
| 18:06 | Healing Wave |
| 18:24 | Staff of Teleportation |
| 18:37 | Watch Tower |
| 19:22 | Troll Batrider |
| 19:26 | Beastiary |
| 19:45 | Watch Tower |
| 19:47 | Watch Tower |
| 19:57 | Troll Batrider |
| 20:25 | Arcanite Ranged Weapons |
| 20:47 | Orb of Lightning |
| 21:24 | Watch Tower |
| 21:25 | Watch Tower |
| 21:35 | Troll Batrider |
| 21:52 | Altar of Storms |
| 22:32 | Watch Tower |
| 22:41 | Watch Tower |
| 22:43 | Troll Batrider |
| 23:18 | Troll Batrider |
| 23:36 | Watch Tower |
| 24:00 | Critical Strike |
| 24:08 | Watch Tower |
| 24:21 | Thorium Armor |
| 24:49 | Troll Batrider |
| 24:50 | Troll Batrider |
| 24:54 | Watch Tower |
| 26:53 | Troll Batrider |
| 27:46 | Troll Batrider |
| 27:53 | Troll Batrider |
| Right click | 2133 |
| Select group | 677 |
| Select | 617 |
| Use ability | 197 |
| Misc. action | 123 |
| Chat | 105 |
| Build/train/purchase | 89 |
| Assign group | 29 |
| Resource trade | 16 |
| Minimap ping | 6 |
| Remove unit | 4 |
| Esc | 4 |
| Item give/drop | 1 |
⇛
iggythefisk
(34:08) : 


| Healing Salve | 12 | 1200 |
| Lesser Clarity Potion | 11 | 770 |
| Orb of Lightning | 3 | 1125 |
| Boots of Speed | 2 | 500 |
| Staff of Teleportation | 3 | 450 |
| Scroll of Regeneration | 1 | 100 |
| Healing Wards | 1 | 450 |
| total: | 33 | 4595g |
| Peon | 13 | 975 | / | 0 |
| Troll Batrider | 13 | 2080 | / | 520 |
| Goblin Zeppelin | 1 | 240 | / | 60 |
| total: | 27 | 3295g | / | 580w |
| Watch Tower | 21 | 2310 | / | 1680 |
| Altar of Storms | 2 | 360 | / | 100 |
| Orc Burrow | 8 | 1280 | / | 320 |
| Voodoo Lounge | 2 | 260 | / | 60 |
| War Mill | 1 | 205 | / | 0 |
| Great Hall | 1 | 385 | / | 185 |
| Beastiary | 1 | 145 | / | 140 |
| Stronghold | 1 | 315 | / | 190 |
| Fortress | 1 | 325 | / | 190 |
| total: | 36 | 4945g | / | 2485w |
| 0:04 | Peon |
| 0:05 | Altar of Storms |
| 0:06 | Altar of Storms |
| 0:19 | Peon |
| 0:20 | Orc Burrow |
| 0:23 | Peon |
| 0:37 | Peon |
| 0:51 | Voodoo Lounge |
| 1:04 | Peon |
| 1:17 | Peon |
| 1:22 | War Mill |
| 1:27 | Peon |
| 1:40 | Peon |
| 1:48 | Peon |
| 2:04 | Peon |
| 2:09 | Wind Walk |
| 2:42 | Watch Tower |
| 3:10 | Stronghold |
| 3:13 | Watch Tower |
| 3:17 | Healing Salve |
| 3:17 | Healing Salve |
| 3:17 | Lesser Clarity Potion |
| 3:38 | Watch Tower |
| 4:37 | Watch Tower |
| 5:03 | Critical Strike |
| 5:27 | Orc Burrow |
| 5:36 | Fortress |
| 5:52 | Boots of Speed |
| 7:14 | Watch Tower |
| 7:15 | Watch Tower |
| 7:19 | Healing Wave |
| 7:21 | Beastiary |
| 8:31 | Orc Burrow |
| 8:33 | Orc Burrow |
| 8:42 | Wind Walk |
| 9:01 | War Stomp |
| 9:05 | Healing Salve |
| 9:05 | Orb of Lightning |
| 9:24 | Watch Tower |
| 9:24 | Watch Tower |
| 9:29 | Reinforced Defenses |
| 10:13 | Healing Salve |
| 11:00 | Hex |
| 11:10 | Staff of Teleportation |
| 11:22 | Lesser Clarity Potion |
| 11:22 | Healing Salve |
| 11:22 | Orb of Lightning |
| 11:50 | Watch Tower |
| 11:50 | Watch Tower |
| 13:06 | Troll Batrider |
| 13:22 | Goblin Zeppelin |
| 13:43 | Troll Batrider |
| 13:51 | Endurance Aura |
| 14:12 | Watch Tower |
| 14:12 | Watch Tower |
| 14:14 | Lesser Clarity Potion |
| 14:14 | Healing Salve |
| 14:18 | Lesser Clarity Potion |
| 14:48 | Boots of Speed |
| 14:48 | Staff of Teleportation |
| 14:54 | Healing Wave |
| 15:00 | Voodoo Lounge |
| 15:36 | Troll Batrider |
| 16:04 | Troll Batrider |
| 16:20 | Critical Strike |
| 16:44 | Staff of Teleportation |
| 18:04 | War Stomp |
| 18:11 | Healing Wards |
| 20:15 | Healing Salve |
| 20:26 | Hex |
| 20:51 | Troll Batrider |
| 20:51 | Troll Batrider |
| 20:51 | Troll Batrider |
| 21:00 | Healing Salve |
| 21:09 | Lesser Clarity Potion |
| 21:25 | Troll Batrider |
| 21:41 | Troll Batrider |
| 22:08 | Critical Strike |
| 22:17 | Endurance Aura |
| 22:36 | Troll Batrider |
| 23:19 | Healing Salve |
| 23:22 | Orb of Lightning |
| 23:28 | Lesser Clarity Potion |
| 24:16 | Troll Batrider |
| 24:16 | Troll Batrider |
| 24:26 | Peon |
| 24:26 | Peon |
| 24:26 | Peon |
| 24:30 | Watch Tower |
| 24:30 | Watch Tower |
| 24:31 | Watch Tower |
| 24:31 | Watch Tower |
| 24:32 | Watch Tower |
| 24:32 | Watch Tower |
| 24:33 | Watch Tower |
| 24:33 | Watch Tower |
| 24:34 | Watch Tower |
| 24:42 | Troll Batrider |
| 25:30 | Healing Wave |
| 25:39 | Great Hall |
| 25:43 | Healing Salve |
| 25:46 | Lesser Clarity Potion |
| 27:29 | Orc Burrow |
| 27:30 | Orc Burrow |
| 27:34 | Scroll of Regeneration |
| 27:42 | Lesser Clarity Potion |
| 27:49 | Orc Burrow |
| 27:50 | Orc Burrow |
| 28:51 | Bladestorm |
| 29:19 | Healing Salve |
| 29:21 | Lesser Clarity Potion |
| 29:24 | Lesser Clarity Potion |
| 30:33 | Healing Salve |
| 30:37 | Lesser Clarity Potion |
| Right click | 2608 |
| Select group | 1503 |
| Select | 475 |
| Assign group | 442 |
| Build/train/purchase | 163 |
| Use ability | 139 |
| Chat | 33 |
| Misc. action | 28 |
| Resource trade | 26 |
| Item give/drop | 11 |
| Minimap ping | 1 |